MLB
DETROIT TIGERS @ NEW YORK YANKEES
03/24/2044
 
TOP OF THE 1ST
Detroit Tigers batting - Pitching for New York Yankees : LHP Nate Ciccarelli
Pitching: LHP Nate Ciccarelli
Batting: RHB Greg Harman 0-0: Foul Ball, location: 2F
0-1: Foul Ball, location: 2F
0-2: Ball
1-2: Ball
2-2: Foul Ball, location: 2F
2-2: Fly out, F4 (Popup, 3S, EV 71.3 MPH)
Batting: RHB Randy Shrewsbury 0-0: Ground out 5-3 (Groundball, 56, EV 82.5 MPH)
Batting: SHB Phil Zacharia 0-0: Called Strike
0-1: Swinging Strike
0-2: Ball
1-2: Ball
2-2: Fly out, F9 (Flyball, 9LM, EV 94.4 MPH)
Top of the 1st over - 0 runs, 0 hits, 0 errors, 0 left on base; Detroit 0 - New York 0
BOTTOM OF THE 1ST
New York Yankees batting - Pitching for Detroit Tigers : RHP Kevin Hockenbury
Pitching: RHP Kevin Hockenbury
Batting: LHB Jason Peck 0-0: Called Strike
0-1: Ball
1-1: Foul Ball, location: 2F
1-2: Ball
2-2: SINGLE (Groundball, 4MS, EV 66.3 MPH) (infield hit)
Batting: LHB Jordan de Jesus 0-0: Foul Ball, location: 2F
0-1: Fly out, F8 (Flyball, 8LM, EV 78.8 MPH)
Batting: SHB Bartholomeu Chambino 0-0: Ball
Jason Peck steals 2nd base
1-0: DOUBLE (Line Drive, 3D, EV 107.5 MPH)
Jason Peck scores
Batting: LHB Evan Torraville 0-0: Called Strike
0-1: Foul Ball, location: 2F
0-2: Strikes out swinging
Batting: LHB Jim Skare 0-0: Ball
1-0: Ball
2-0: Foul Ball, location: 2F
2-1: DOUBLE (Line Drive, 78M, EV 108.1 MPH)
Bartholomeu Chambino scores
Batting: LHB Yao-pang Tien 0-0: Ball
1-0: Ball
2-0: Ball
3-0: Base on Balls
Batting: RHB Kai Bellow 0-0: Ball
1-0: Fielders Choice at 2nd, U6 (Groundball, 6M, EV 87.5 MPH)
Bottom of the 1st over - 2 runs, 3 hits, 0 errors, 2 left on base; Detroit 0 - New York 2
TOP OF THE 2ND
Detroit Tigers batting - Pitching for New York Yankees : LHP Nate Ciccarelli
Batting: LHB Morgan Black 0-0: Ball
1-0: Called Strike
1-1: Fly out, F8 (Flyball, 8RM, EV 85.6 MPH)
Batting: RHB Ryan Neal 0-0: SINGLE (Line Drive, 34D, EV 97.5 MPH)
Batting: RHB Luke Feeney 0-0: Called Strike
Ryan Neal steals 2nd base
0-1: Swinging Strike
0-2: Foul Ball, location: 2F
0-2: Strikes out looking
Batting: RHB Danny Eberhart 0-0: Ground out 5-3 (Groundball, 5L, EV 90.6 MPH)
Top of the 2nd over - 0 runs, 1 hit, 0 errors, 1 left on base; Detroit 0 - New York 2
BOTTOM OF THE 2ND
New York Yankees batting - Pitching for Detroit Tigers : RHP Kevin Hockenbury
Batting: RHB Geni Prawiranega 0-0: Ball
1-0: Ball
2-0: Fly out, F9 (Flyball, 89XD, EV 87.5 MPH)
Batting: RHB Sean Neuroth 0-0: Ball
1-0: Ball
2-0: Called Strike
2-1: Foul Ball, location: 2F
2-2: Strikes out swinging, 2-3 out at first.
Batting: LHB Jason Peck 0-0: Ball
1-0: Ball
2-0: Called Strike
2-1: Ground out 4-3 (Groundball, 4, EV 105.6 MPH)
Bottom of the 2nd over - 0 runs, 0 hits, 0 errors, 0 left on base; Detroit 0 - New York 2
TOP OF THE 3RD
Detroit Tigers batting - Pitching for New York Yankees : LHP Nate Ciccarelli
Batting: RHB Adrian Novakovic 0-0: Called Strike
0-1: Ball
1-1: Ball
2-1: Foul Ball, location: 2F
2-2: Foul Ball, location: 2F
2-2: DOUBLE (Line Drive, 9LD, EV 101.9 MPH)
Batting: LHB Emmanuel Gaskin 0-0: Ground out 6-3 (Groundball, 6M, EV 94.4 MPH)
Adrian Novakovic to third
Batting: RHB Greg Harman 0-0: Called Strike
0-1: Ball
1-1: Foul Ball, location: 2F
1-2: Ball
2-2: Foul Ball, location: 2F
2-2: Ground out 6-3 (Groundball, 56, EV 84.4 MPH)
Adrian Novakovic scores
Batting: RHB Randy Shrewsbury 0-0: Called Strike
0-1: Reached on error, E7 (Line Drive, 7, EV 96.3 MPH)
Batting: SHB Phil Zacharia 0-0: Ball
1-0: Ball
2-0: Ball
3-0: Called Strike
3-1: Base on Balls
Batting: LHB Morgan Black 0-0: Fly out, F9 (Flyball, 9D, EV 93.8 MPH)
Top of the 3rd over - 1 run, 1 hit, 1 error, 2 left on base; Detroit 1 - New York 2
BOTTOM OF THE 3RD
New York Yankees batting - Pitching for Detroit Tigers : RHP Kevin Hockenbury
Batting: LHB Jordan de Jesus 0-0: Ball
1-0: Ball
2-0: Ball
3-0: Base on Balls
Batting: SHB Bartholomeu Chambino 0-0: Ball
1-0: Ball
2-0: Ball
3-0: Base on Balls
Jordan de Jesus to second
Batting: LHB Evan Torraville 0-0: Ball
1-0: Foul Ball, location: 2F
1-1: Swinging Strike
1-2: Hit by Pitch
Jordan de Jesus to third
Bartholomeu Chambino to second
Batting: LHB Jim Skare 0-0: Called Strike
0-1: SINGLE (Groundball, 4D, EV 95.0 MPH)
Jordan de Jesus scores
Bartholomeu Chambino to third
Evan Torraville to second
Runner from 3rd tries for Home, SAFE, throw by CF to home
Batting: LHB Yao-pang Tien 0-0: Called Strike
0-1: Foul Ball, location: 2F
0-2: Ball
1-2: Foul Ball, location: 2F
1-2: Ball
2-2: Grounds into double play, 4-6-3 (Groundball, 4, EV 100.0 MPH)
Evan Torraville to third
Batting: RHB Kai Bellow 0-0: Called Strike
0-1: Called Strike
0-2: Strikes out swinging
Bottom of the 3rd over - 2 runs, 1 hit, 0 errors, 1 left on base; Detroit 1 - New York 4
TOP OF THE 4TH
Detroit Tigers batting - Pitching for New York Yankees : LHP Nate Ciccarelli
Batting: RHB Ryan Neal 0-0: Swinging Strike
0-1: Ball
1-1: SINGLE (Groundball, 6MD, EV 104.4 MPH)
Batting: RHB Luke Feeney 0-0: Called Strike
0-1: Called Strike
0-2: Ball
1-2: Grounds into double play, 4-6-3 (Groundball, 4, EV 90.0 MPH)
Batting: RHB Danny Eberhart 0-0: Hit by Pitch
Batting: RHB Adrian Novakovic 0-0: Ball
Danny Eberhart steals 2nd base
1-0: Foul Ball, location: 2F
1-1: Ball
2-1: Fly out, F9 (Flyball, 9, EV 91.3 MPH)
Top of the 4th over - 0 runs, 1 hit, 0 errors, 1 left on base; Detroit 1 - New York 4
BOTTOM OF THE 4TH
New York Yankees batting - Pitching for Detroit Tigers : RHP Kevin Hockenbury
Batting: RHB Geni Prawiranega 0-0: Called Strike
0-1: Foul Ball, location: 2F
0-2: Ball
1-2: Ball
2-2: Strikes out looking
Batting: RHB Sean Neuroth 0-0: SINGLE (Line Drive, 7S, EV 92.5 MPH)
Batting: LHB Jason Peck 0-0: Ball
1-0: Ball
2-0: Ball
3-0: Base on Balls
Sean Neuroth to second
Batting: LHB Jordan de Jesus 0-0: Ball
1-0: Ball
2-0: Ball
3-0: Called Strike
3-1: Foul Ball, location: 2F
3-2: Base on Balls
Sean Neuroth to third
Jason Peck to second
Batting: SHB Bartholomeu Chambino 0-0: Called Strike
0-1: Foul Ball, location: 2F
0-2: Strikes out swinging
Batting: LHB Evan Torraville 0-0: Swinging Strike
0-1: Ball
1-1: Foul Ball, location: 2F
1-2: Foul Ball, location: 2F
1-2: Ball
2-2: Foul Ball, location: 2F
2-2: Ball
3-2: Base on Balls
Sean Neuroth scores
Jason Peck to third
Jordan de Jesus to second
Pitching: RHP Riso Profanter
Batting: LHB Jim Skare 0-0: Ball
1-0: Fielders Choice at 2nd, 6-4 (Groundball, 6, EV 106.9 MPH)
Bottom of the 4th over - 1 run, 1 hit, 0 errors, 3 left on base; Detroit 1 - New York 5
TOP OF THE 5TH
Detroit Tigers batting - Pitching for New York Yankees : LHP Nate Ciccarelli
Pitching: LHP Robert Cruz
Batting: LHB Emmanuel Gaskin 0-0: Swinging Strike
0-1: Swinging Strike
0-2: Strikes out swinging
Batting: RHB Greg Harman 0-0: Called Strike
0-1: Foul Ball, location: 2F
0-2: Ball
1-2: Ball
2-2: Ball
3-2: Foul Ball, location: 2F
3-2: Foul Ball, location: 2F
3-2: Ground out 2-3 (Groundball, 2R, EV 63.1 MPH)
Batting: RHB Randy Shrewsbury 0-0: Fly out, F9 (Flyball, 89S, EV 84.4 MPH)
Top of the 5th over - 0 runs, 0 hits, 0 errors, 0 left on base; Detroit 1 - New York 5
BOTTOM OF THE 5TH
New York Yankees batting - Pitching for Detroit Tigers : RHP Riso Profanter
Batting: LHB Yao-pang Tien 0-0: Ball
1-0: Called Strike
1-1: Foul Ball, location: 2F
1-2: Foul Ball, location: 2F
1-2: Strikes out swinging
Batting: RHB Kai Bellow 0-0: Called Strike
0-1: Ball
1-1: SINGLE (Line Drive, 9S, EV 100.6 MPH)
Batting: RHB Geni Prawiranega 0-0: Called Strike
Kai Bellow is caught stealing 2nd base 2-4
0-1: Swinging Strike
0-2: Ball
1-2: Ball
2-2: Foul Ball, location: 2F
2-2: Strikes out swinging
Bottom of the 5th over - 0 runs, 1 hit, 0 errors, 0 left on base; Detroit 1 - New York 5
TOP OF THE 6TH
Detroit Tigers batting - Pitching for New York Yankees : LHP Robert Cruz
Batting: SHB Phil Zacharia 0-0: Called Strike
0-1: Swinging Strike
0-2: Ball
1-2: Strikes out swinging
Batting: LHB Morgan Black 0-0: Called Strike
0-1: Swinging Strike
0-2: Ball
1-2: Strikes out swinging
Batting: RHB Ryan Neal 0-0: Called Strike
0-1: Ball
1-1: Called Strike
1-2: Ball
2-2: Foul Ball, location: 2F
2-2: Ball
3-2: Strikes out swinging
Top of the 6th over - 0 runs, 0 hits, 0 errors, 0 left on base; Detroit 1 - New York 5
BOTTOM OF THE 6TH
New York Yankees batting - Pitching for Detroit Tigers : RHP Riso Profanter
Batting: RHB Sean Neuroth 0-0: Called Strike
0-1: Ball
1-1: Ground out 6-3 (Groundball, 6, EV 82.5 MPH)
Pinch Hitting: RHB C.J. Richerson 0-0: Called Strike
0-1: Swinging Strike
0-2: Ball
1-2: Ball
2-2: DOUBLE (Groundball, 5L, EV 95.6 MPH)
Batting: LHB Jordan de Jesus 0-0: Ball
1-0: Called Strike
1-1: Ball
2-1: Ball
3-1: Foul Ball, location: 2F
3-2: Foul Ball, location: 2F
3-2: Strikes out looking
Pinch Hitting: RHB Scott King 0-0: Ball
1-0: Called Strike
1-1: Ball
2-1: Foul Ball, location: 2F
2-2: Strikes out swinging
Bottom of the 6th over - 0 runs, 1 hit, 0 errors, 1 left on base; Detroit 1 - New York 5
TOP OF THE 7TH
Detroit Tigers batting - Pitching for New York Yankees : LHP Robert Cruz
Pitching: RHP Gary Caldwell
Now at 3B: Scott King
Now at SS: C.J. Richerson
Batting: RHB Luke Feeney 0-0: Called Strike
0-1: SINGLE (Line Drive, 9S, EV 102.5 MPH)
Batting: RHB Danny Eberhart 0-0: Called Strike
0-1: Ball
1-1: Ball
2-1: 2-RUN HOME RUN (Flyball, 7D, EV 95.6 MPH) (Inside the Park)
Batting: RHB Adrian Novakovic 0-0: Ball
1-0: Called Strike
1-1: Called Strike
1-2: Ball
2-2: Strikes out looking
Batting: LHB Emmanuel Gaskin 0-0: Ball
1-0: Ball
2-0: SINGLE (Groundball, 34D, EV 107.5 MPH)
Pinch Hitting: LHB Tyler Davis 0-0: Ball
1-0: Ball
Emmanuel Gaskin steals 2nd, throwing error, E2
Emmanuel Gaskin to third
2-0: Ball
3-0: Called Strike
3-1: Foul Ball, location: 2F
3-2: Ground out 1-3 (Groundball, 13S, EV 69.4 MPH)
Pinch Hitting: RHB Dave Reynolds 0-0: Ball
1-0: Swinging Strike
1-1: Ball
2-1: Called Strike
2-2: Foul Ball, location: 2F
2-2: Strikes out looking
Top of the 7th over - 2 runs, 3 hits, 1 error, 1 left on base; Detroit 3 - New York 5
BOTTOM OF THE 7TH
New York Yankees batting - Pitching for Detroit Tigers : RHP Riso Profanter
Pitching: RHP Gordie Pierson
Now at 1B: Jamie Roberts
Now at 2B: Dave Reynolds
Pinch Hitting: RHB Sam Saunders 0-0: Called Strike
0-1: SINGLE (Groundball, 4MD, EV 110.0 MPH)
Batting: LHB Jim Skare
Pinch Hitting: RHB Russ Shambaugh 0-0: Ball
1-0: Ball
Sam Saunders is caught stealing 2nd base 2-4
2-0: Ball
3-0: Foul Ball, location: 2F
3-1: Fly out, F6 (Flyball, 6D, EV 91.9 MPH)
Batting: LHB Alejandro Soriano 0-0: Ball
1-0: Ball
2-0: Called Strike
2-1: Ball
3-1: Base on Balls
Pinch Hitting: LHB Kazuyoshi Nakamura 0-0: Ball
Alejandro Soriano steals 2nd base
1-0: Ball
2-0: Called Strike
2-1: Fly out, F9 (Flyball, 89S, EV 89.4 MPH)
Bottom of the 7th over - 0 runs, 1 hit, 0 errors, 1 left on base; Detroit 3 - New York 5
TOP OF THE 8TH
Detroit Tigers batting - Pitching for New York Yankees : RHP Gary Caldwell
Now at 1B: Jordan de Jesus
Now in LF: Sam Saunders
Now in CF: Russ Shambaugh
Now in RF: Kazuyoshi Nakamura
Pinch Hitting: RHB Victor Quinones 0-0: Called Strike
0-1: Ball
1-1: Fly out, F9 (Flyball, 9LM, EV 90.0 MPH)
Pinch Hitting: SHB Raul Morales 0-0: SINGLE (Line Drive, 78M, EV 91.3 MPH)
Pinch Hitting: RHB Brady Jeleniewski 0-0: Ball
1-0: Swinging Strike
1-1: Fly out, F8 (Flyball, 89D, EV 88.8 MPH)
Pinch Hitting: LHB Jamel Alexander 0-0: Called Strike
0-1: Ball
1-1: SINGLE (Groundball, 34D, EV 103.8 MPH)
Raul Morales to second
Runner from 2nd tries for 3rd, SAFE, no throw by RF
Batting: LHB Brad Turner 0-0: Ground out 3-1 (Groundball, 34S, EV 86.9 MPH)
Top of the 8th over - 0 runs, 2 hits, 0 errors, 2 left on base; Detroit 3 - New York 5
BOTTOM OF THE 8TH
New York Yankees batting - Pitching for Detroit Tigers : RHP Gordie Pierson
Now at 3B: Brady Jeleniewski
Now in LF: Raul Morales
Now in CF: Victor Quinones
Now in RF: Jamel Alexander
Batting: RHB Geni Prawiranega 0-0: Ball
1-0: Ground out 6-3 (Groundball, 6, EV 86.3 MPH)
Pinch Hitting: SHB Cristiano Serrão 0-0: Called Strike
0-1: Ball
1-1: Ball
2-1: Foul Ball, location: 2F
2-2: Strikes out looking
Batting: RHB C.J. Richerson 0-0: TRIPLE (Groundball, 5L, EV 106.3 MPH)
Batting: LHB Jordan de Jesus 0-0: Ball
1-0: Called Strike
1-1: Ball
2-1: Ball
3-1: Base on Balls
Batting: RHB Scott King 0-0: Called Strike
0-1: Ball
1-1: Ball
2-1: SINGLE (Groundball, 34S, EV 96.9 MPH)
C.J. Richerson scores
Jordan de Jesus to second
Batting: RHB Sam Saunders 0-0: SINGLE (Groundball, 56S, EV 71.3 MPH) (infield hit)
Jordan de Jesus to third
Scott King to second
Batting: RHB Russ Shambaugh 0-0: Ball
1-0: Ball
2-0: Fielders Choice at 2nd, 5-4 (Groundball, 5, EV 86.3 MPH)
Bottom of the 8th over - 1 run, 3 hits, 0 errors, 3 left on base; Detroit 3 - New York 6
TOP OF THE 9TH
Detroit Tigers batting - Pitching for New York Yankees : RHP Gary Caldwell
Pitching: RHP Dave Barry
Now at 1B: Cristiano Serrão
Now at 2B: C.J. Richerson
Now at SS: Jordan de Jesus
Pinch Hitting: LHB Adam Lancaster 0-0: Ball
1-0: Called Strike
1-1: Ball
2-1: Foul Ball, location: 2F
2-2: Ground out U3 (Groundball, 34, EV 97.5 MPH)
Pinch Hitting: RHB Miguel Nunez 0-0: Called Strike
0-1: Ground out 5-3 (Groundball, 5, EV 99.4 MPH)
Batting: SHB Jamie Roberts 0-0: Ball
1-0: Foul Ball, location: 2F
1-1: Foul Ball, location: 2F
1-2: Fly out, F8 (Line Drive, 8LM, EV 91.9 MPH)
Top of the 9th over - 0 runs, 0 hits, 0 errors, 0 left on base; Detroit 3 - New York 6
Thursday, March 31st , 2022 - OOTP Baseball 22.12 Build 89